 Dungeon Crawl Stone Soup version 0.32-a0-119-g2e8054a333 (webtiles) character file.

Game seed: 11699393427431647140

202764 Bokken the Eclecticist (level 18, -3/103 HPs)
             Began as a Gargoyle Earth Elementalist on Feb 6, 2024.
             Was the Champion of Qazlal.
             Slain by a quicksilver dragon (9 damage)
             ... on level 4 of the Snake Pit on Feb 7, 2024.
             The game lasted 02:39:11 (35585 turns).

Bokken the Eclecticist (GrEE)                      Turns: 35585, Time: 02:39:12

Health: -3/103     AC: 36    Str: 15    XL:     18   Next: 59%
Magic:  24/49      EV: 11    Int: 30    God:    Qazlal [******]
Gold:   269        SH:  8    Dex: 13    Spells: 5/54 levels left

rFire   . . .        P - +1 demon whip (freeze)
rCold   . . .        R - sphere of Battle
rNeg    + + .        m - +4 Cigotuvi's embrace {Corpsefed rMiasma ^Drain rN+}
rPois   ∞            j - +2 helmet {Int+3}
rElec   +            G - +1 cloak
rCorr   .            b - +2 pair of gloves
SInv    .            o - +2 pair of boots {Stlth+}
Will    +....        d - amulet of magic regeneration
Stlth   +            F - ring of Fifid {Int+6 Dex+3}
HPRegen 0.37/turn    K - ring of magical power
MPRegen 0.71/turn

%: repel missiles
@: weakened, protected from physical damage, freezing walls, flying, very
slightly contaminated, constricted
A: sickness immunity, AC +13, big wings, negative energy resistance 1,
electricity resistance, torment resistance 1, petrification resistance
}: 1/15 runes: barnacled
a: Renounce Religion, Upheaval, Elemental Force, Disaster Area


You were on level 4 of the Snake Pit.
You worshipped Qazlal.
Qazlal was exalted by your worship.
You visited 7 branches of the dungeon, and saw 29 of its levels.

You collected 2873 gold pieces.
You spent 2604 gold pieces at shops.

Inventory:

Hand Weapons
 P - a +1 demon whip of freezing (weapon)
Missiles
 l - 29 boomerangs
 M - 3 throwing nets
Armour
 b - a +2 pair of gloves (worn)
 j - a +2 helmet of intelligence (worn)
 m - the +4 Cigotuvi's embrace (worn) {Corpsefed rMiasma ^Drain rN+}
   (You found it on level 4 of the Shoals)

   Corpsefed: It gathers nearby corpses to temporarily increase the armour it
   provides.
   rMiasma:   It protects you from foul pestilence.
   rN+:       It protects you from negative energy.
   ^Drain:    It drains your maximum health when unequipped.
 n - a scarf of invisibility
 o - a +2 pair of boots of stealth (worn)
 G - a +1 cloak (worn)
 R - the sphere of Battle (worn)
   (You found it on level 4 of the Shoals)

   Battle:    It summons a battlesphere in combat, with strength depending on
   Conjurations skill.
   Destructive: It enhances your destructive magic, and weakens non-destructive
   magic.
 S - a +0 troll leather armour
Jewellery
 d - an amulet of magic regeneration (around neck)
 s - a ring of see invisible
 t - a ring of willpower
 A - an amulet of reflection
 F - the ring of Fifid (left hand) {Int+6 Dex+3}
   (You found it on level 4 of the Lair of Beasts)

   [ring of intelligence]

   Int+6:     It affects your intelligence (+6).
   Dex+3:     It affects your dexterity (+3).
 K - a ring of magical power (right hand)
Wands
 a - a wand of mindburst (7)
 c - a wand of digging (4)
 p - a wand of light (13)
 D - a wand of roots (33)
 E - a wand of flame (57)
 J - a wand of charming (10)
Scrolls
 k - 2 scrolls of identify
 q - 3 scrolls of fear
 r - 6 scrolls of teleportation
 v - 5 scrolls of amnesia
 x - 3 scrolls of fog
 y - a scroll of brand weapon
 H - 5 scrolls of immolation
 I - 3 scrolls of blinking
 T - a scroll of torment
Potions
 e - 4 potions of berserk rage
 f - a potion of heal wounds
 g - a potion of might
 i - a potion of magic
 u - 4 potions of mutation
 w - a potion of invisibility
 z - 3 potions of brilliance
 B - a potion of attraction
 C - 4 potions of enlightenment
 L - 3 potions of resistance
 O - 3 potions of curing
Miscellaneous
 h - a phantom mirror
 N - a tin of tremorstones (2/2)
 Q - a box of beasts


   Skills:
 + Level 8.0 Fighting
 + Level 7.2 Maces & Flails
 - Level 0.8(4.5) Staves
 + Level 6.9 Armour
 + Level 7.5 Dodging
 + Level 4.5 Stealth
 - Level 0.3 Shields
 + Level 18.8 Spellcasting
 + Level 9.8 Conjurations
 + Level 1.2 Hexes
 + Level 1.6 Translocations
 + Level 1.4 Fire Magic
 + Level 8.1 Ice Magic
 + Level 8.7 Air Magic
 + Level 16.6 Earth Magic
 + Level 4.5 Alchemy
 + Level 1.6 Invocations
 + Level 1.4 Evocations


You had 5 spell levels left.
You knew the following spells:

 Your Spells              Type           Power      Damage    Failure   Level
a - Sandblast             Erth           100%       2d20      0%          1
b - Passwall              Erth           59%        N/A       0%          3
c - Blink                 Tloc           38%        N/A       1%          2
d - Stone Arrow           Conj/Erth      100%       3d13      1%          3
e - Brom's Barrelling Bo  Conj/Erth      100%       2d11      1%          4
f - Frozen Ramparts       Ice            100%       1d16      1%          3
g - Hailstorm             Conj/Ice       89%        3d14      1%          3
h - Mercury Vapours       Alch/Air       100%       N/A       1%          2
i - Olgreb's Toxic Radia  Alch           70%        N/A       2%          4
j - Airstrike             Air            44%        2d(7-23)  1%          4
k - Inner Flame           Hex/Fire       53%        N/A       3%          3
l - Alistair's Intoxicat  Alch           18%        N/A       7%          5
m - Sculpt Simulacrum     Ice/Alch       16%        N/A       19%         6
n - Starburst             Conj/Fire      37%        6d11      26%         6

Your spell library contained the following spells:

 Spells                   Type           Power      Damage    Failure   Level
 Apportation              Tloc           38%        N/A       1%          1
 Foxfire                  Conj/Fire      100%       2x1d9     1%          1
 Freeze                   Ice            100%       1d10      1%          1
 Magic Dart               Conj           100%       1d8       1%          1
 Shock                    Conj/Air       100%       1d9       1%          1
 Sting                    Conj/Alch      100%       1d9       1%          1
 Jinxbite                 Hex            34%        N/A       1%          2
 Lesser Beckoning         Tloc           38%        N/A       1%          2
 Momentum Strike          Conj/Tloc      100%       3d10      1%          2
 Summon Ice Beast         Ice/Summ       26%        N/A       1%          3
 Swiftness                Air            40%        N/A       1%          3
 Petrify                  Alch/Erth      46%        N/A       1%          4
 Call Imp                 Summ           28%        N/A       2%          2
 Gell's Gravitas          Tloc           19%        N/A       2%          3
 Teleport Other           Tloc           19%        N/A       2%          3
 Fugue of the Fallen      Necr           14%        N/A       4%          3
 Martyr's Knell           Necr/Summ      14%        N/A       17%         4
 Summon Forest            Summ/Tloc      8%         N/A       32%         5
 Summon Mana Viper        Hex/Summ       16%        N/A       34%         5
 Plasma Beam              Fire/Air       36%        2x1d50    32%         6
 Eringya's Noxious Bog    Alch           35%        4d6       36%         6
 Shatter                  Erth           56%        3d42*     88%         9
 Haunt                    Necr/Summ      7%         N/A       100%        7
 Monstrous Menagerie      Summ           7%         N/A       100%        7
 Summon Hydra             Summ           7%         N/A       100%        7
 Borgnjor's Revivificati  Necr           7%         N/A       100%        8
 Chain Lightning          Conj/Air       45%        3d60      100%        9
 Death's Door             Necr           7%         N/A       100%        9
 Fire Storm               Conj/Fire      37%        8d10      100%        9


Dungeon Overview and Level Annotations

Branches:
Dungeon (12/15)            Temple (1/1) D:7            Lair (5/5) D:11
 Shoals (4/4) Lair:3        Snake (4/4) Lair:3        Slime (0/5) Lair:5
    Orc (2/2) D:12            Elf (1/3) Orc:2

Altars:
Ashenzari
Cheibriados
Dithmenos
Elyvilon
Fedhas
Gozag
Hepliaklqana
Kikubaaqudgha
Makhleb
Nemelex Xobeh
Okawaru
Qazlal
Ru
Sif Muna
Trog
Uskayaw
Vehumet
Wu Jian
Xom
Yredelemnul
Zin
The Shining One
Jiyva

Shops:
D:8 [   Orc:2 =([(   Shoals:1 [   Shoals:3 *   Snake:1 *   Snake:3 *!**?
Snake:4 [?:*

Annotations:
Snake:1 3 runed translucent doors, exclusion: obsidian statue, seren's ghost, journeyman DsNe
Snake:3 2 transporters, Eptagon's ghost, adept GnDe


Innate Abilities, Weirdness & Mutations

You are immune to sickness and miasma.
Your stone body is resilient. (AC +13)
You are immune to poison.
Your large and strong wings let you fly.
You resist negative energy. (rN+)
You are resistant to electric shocks. (rElec)
You are resistant to unholy torment.
You are immune to petrification.


Message History

The salamander tyrant hits you but does no damage.
The wall freezes the naga warrior.
The naga warrior hits you with a +0 dire flail!
The naga warrior grabs you. The naga warrior constricts you.
The wall freezes the salamander but does no damage.
The salamander closely misses you.
The quicksilver dragon is engulfed in freezing vapours.
The wall freezes the quicksilver dragon!
The quicksilver dragon bites you!
The quicksilver dragon claws you but does no damage.
The wall freezes the naga!
The naga hits you but does no damage.
The wall freezes the mana viper!
The mana viper bites you.
You feel your power leaking away.
Casting: Starburst (dangerous; 26% risk of failure)
Confirm with . or Enter, or press ? or * to list all spells.
Casting: Starburst (dangerous; 26% risk of failure)
Press: ? - help, Dir - look around, f - activate You feel a surge of power!
You miscast Starburst.
Nothing appears to happen.
The guardian serpent coils itself and waves its upper body at something.
The quicksilver dragon is engulfed in freezing vapours.
The wall freezes the quicksilver dragon!
The quicksilver dragon bites you but does no damage.
The quicksilver dragon claws you but does no damage.
The wall freezes the naga warrior!
The naga warrior hits you with a +0 dire flail!!
* * * LOW HITPOINT WARNING * * *
The naga warrior constricts you.
The salamander tyrant is frozen!
The wall freezes the salamander tyrant!
The salamander tyrant closely misses you.
The wall freezes the salamander but does no damage.
The salamander hits you but does no damage.
The wall freezes the mana viper!
The mana viper bites you but does no damage.
The wall freezes the naga.
The naga closely misses you.
The quicksilver dragon is engulfed in freezing vapours.
The wall freezes the quicksilver dragon.
The quicksilver dragon bites you!
* * * LOW HITPOINT WARNING * * *
The quicksilver dragon claws you!
You die...

#..#*,,,,,,**,,,,,,,**,,,,,,*#...
..#*,,,**,,,**ß...ß**,,,**,,,##..
.#*,,*****,*+,,...,,+*,*****,,##.
#*,,**,ß,***,,##§##,,***,ß,**,,##
#,,,*,,,,,*,,##.S.##,,*,,,,,*,,,#
#,,,*ß,⌠,,+,,#..ß..#,,+,,⌠,ß*,,,#
#*,,*,,,,,*,,#.N☼..#,,*,,,,,*,,*#
#,,,**,,,**,,*#DNS#*,,**,,,**,,,#
#,,,,**+**,,,*##@##*,,,**+**,,,,#
##,,,,,,,,,,*##*NN##*,,,,,,,,,,##
.##,,,,*,,,**#..ß..#**,,,*,,,,##.
..##,,****,**#.....#**,****,,##..
...#,,,**..,*##...##*,..**,,,#...
...##,,**...* ##'## *...**,,##...
....#,,**#..###...###..#**,,#....
#...#,,,*....#.....#....*,,,#....
#...##^,,....ß.....ß....,,,##....


You could see a quicksilver dragon, a naga warrior, a salamander tyrant, a
salamander, a mana viper, a guardian serpent, a naga and a friendly
battlesphere.

Vanquished Creatures
  Jorgrun (Snake:2)
  Mlioglotl (Shoals:2)
  2 krakens (Shoals:4)
  3 nagarajas
  The ghost of littlecub the Fighter, a journeyman DsGl of Hepliaklqana (Snake:2)
  A fire dragon (Lair:5)
  6 merfolk impalers
  6 merfolk javelineers
  2 salamander tyrants (Snake:4)
  6 hydras
  2 catoblepae (Lair:1)
  10 anacondas
  5 merfolk avatars
  An alligator snapping turtle (Shoals:2)
  2 two-headed ogres
  4 centaur warriors
  6 death yaks (Lair:4)
  3 satyrs
  7 merfolk aquamancers
  3 boulder beetles
  14 naga warriors
  11 naga sharpshooters
  Nergalle (D:11)
  10 shock serpents
  Urug (Lair:3)
  3 skysharks
  5 salamander mystics
  Amaemon (D:10)
  26 sea snakes
  4 mana vipers (Snake:1)
  2 naga ritualists (Snake:1)
  3 lindwurms
  27 harpies
  Pikel (D:6)
  2 deep elf pyromancers (D:12)
  A necromancer (D:10)
  4 orc knights (Orc:2)
  2 oklob plants (Lair:5)
  An orc sorcerer (Orc:2)
  5 fauns
  3 cyclopes
  8 merfolk sirens
  4 elephants (Lair:3)
  11 salamanders
  14 manticores
  6 kobold blastminers
  26 black mambas
  3 molten gargoyles (Lair:5)
  11 guardian serpents
  8 water nymphs
  14 naga magi
  9 cane toads
  A torpor snail (Lair:4)
  Joseph (D:7)
  An orange demon (D:10)
  A kobold demonologist (D:10)
  A rime drake (Lair:1)
  Maggie (D:6)
  2 unseen horrors
  15 komodo dragons
  5 trolls
  Prince Ribbit (D:9)
  30 merfolk
  3 polar bears
  9 wind drakes
  13 blink frogs
  10 dream sheep
  10 snapping turtles
  3 slime creatures (D:12)
  9 water elementals
  8 wyverns
  2 wraiths
  2 vampires
  4 basilisks (Lair:5)
  4 wargs
  52 yaks
  3 steam dragons
  4 vampire mosquitoes (D:12)
  36 nagas
  4 hell hounds (Lair:5)
  13 water moccasins
  3 black bears
  2 sky beasts
  24 orc warriors
  2 ice beasts (D:7)
  36 wolves
  13 centaurs
  5 ogres
  A lemure (D:5)
  3 phantoms
  5 scorpions
  16 bullfrogs
  4 wights (D:9)
  10 killer bees (D:8)
  4 howler monkeys
  5 electric eels
  5 lava snakes (Lair:5)
  A bombardier beetle (D:5)
  4 hounds
  A bullfrog zombie (D:5)
  8 orc priests
  A bullfrog skeleton (D:5)
  A scorpion zombie (D:5)
  2 sleepcaps
  3 iguanas
  22 orc wizards
  5 polar bear simulacra (D:10)
  5 yak simulacra (D:10)
  A wolf simulacrum (D:10)
  A hound zombie (D:5)
  A hound skeleton (D:5)
  6 gnolls
  11 adders
  A white imp (D:8)
  2 dart slugs
  58 orcs
  4 bats
  7 endoplasms
  6 giant cockroaches
  7 goblins
  9 hobgoblins
  7 jackals
  4 kobolds
  A quokka (D:4)
  5 ball pythons
  5 frilled lizards
  5 rats
  A butterfly (D:11)
  A tentacle (Shoals:4)
895 creatures vanquished.

Vanquished Creatures (collateral kills)
  11 boulders
11 creatures vanquished.

Vanquished Creatures (others)
  Frances (Snake:1)
  A merfolk impaler (Shoals:4)
  A salamander (Snake:1)
  An orc warrior (Orc:2)
  8 boulders
  13 tentacles (Shoals:4)
25 creatures vanquished.

Grand Total: 931 creatures vanquished

Notes
Turn   | Place    | Note
-------+----------+-------------------------------------------
     0 | D:1      | Bokken the Gargoyle Earth Elementalist began the quest for
                  | the Orb.
     0 | D:1      | Reached XP level 1. HP: 10/10 MP: 3/3
   156 | D:1      | Reached XP level 2. HP: 14/15 MP: 3/5
   584 | D:1      | Found a faded altar of an unknown god.
   750 | D:1      | Reached XP level 3. HP: 19/19 MP: 2/6
   756 | D:1      | Learned a level 3 spell: Passwall
   759 | D:1      | Learned a level 2 spell: Blink
   989 | D:2      | Reached skill level 5 in Earth Magic
  1054 | D:2      | Reached XP level 4. HP: 24/24 MP: 5/7
  1612 | D:3      | Reached skill level 3 in Spellcasting
  1613 | D:3      | Reached XP level 5. HP: 28/28 MP: 2/9
  1893 | D:3      | Identified the +5 chain mail of Relativism {MP+9 Str+3
                  | Int-4}
  1896 | D:3      | Noticed an ogre
  1904 | D:3      | Killed an ogre
  1905 | D:3      | Reached skill level 4 in Spellcasting
  1905 | D:3      | Reached XP level 6. HP: 32/32 MP: 4/12
  2091 | D:3      | Found an ornate altar of the Wu Jian Council.
  2402 | D:4      | Learned a level 3 spell: Stone Arrow
  2791 | D:4      | Reached XP level 7. HP: 36/36 MP: 10/13
  3064 | D:4      | Found a stormy altar of Qazlal.
  3086 | D:4      | Became a worshipper of Qazlal Stormbringer
  3283 | D:5      | Entered Level 5 of the Dungeon
  3292 | D:5      | Found a radiant altar of Vehumet.
  3292 | D:5      | Found a sparkling altar of Nemelex Xobeh.
  3389 | D:5      | Reached skill level 5 in Spellcasting
  3480 | D:5      | Learned a level 4 spell: Brom's Barrelling Boulder
  3722 | D:5      | Reached * piety under Qazlal
  3775 | D:5      | Learned a level 3 spell: Frozen Ramparts
  3848 | D:5      | Reached skill level 1 in Fighting
  3848 | D:5      | Reached XP level 8. HP: 43/43 MP: 13/16
  4084 | D:6      | Noticed Pikel
  4104 | D:5      | Reached skill level 6 in Spellcasting
  4292 | D:6      | Found an iron altar of Okawaru.
  4317 | D:6      | Noticed Maggie
  4327 | D:6      | Killed Maggie
  4383 | D:6      | Killed Pikel
  4384 | D:6      | Reached skill level 1 in Armour
  4384 | D:6      | Reached skill level 7 in Spellcasting
  4384 | D:6      | Reached XP level 9. HP: 9/48 MP: 5/19
  4781 | D:6      | Identified the +2 robe of Zuzuzank {+Blink rPois Str-3
                  | Archmagi}
  4855 | D:6      | Learned a level 3 spell: Hailstorm
  5132 | D:7      | Reached ** piety under Qazlal
  5133 | D:7      | Reached skill level 10 in Earth Magic
  5347 | D:7      | Found a staircase to the Ecumenical Temple.
  5349 | D:7      | Noticed Joseph
  5390 | D:7      | Killed Joseph
  5391 | D:7      | Reached skill level 8 in Spellcasting
  5411 | Temple   | Entered the Ecumenical Temple
  6114 | D:8      | Found Taubus's Armour Boutique.
  6133 | D:8      | Reached skill level 1 in Translocations
  6133 | D:8      | Reached XP level 10. HP: 54/54 MP: 19/22
  6511 | D:8      | Found a blossoming altar of Fedhas.
  7061 | D:8      | Found a shimmering altar of Xom.
  7105 | D:8      | Learned a level 2 spell: Mercury Vapours
  7489 | D:8      | Found a hazy altar of Hepliaklqana.
  7868 | D:9      | Reached skill level 9 in Spellcasting
  7868 | D:9      | Noticed a two-headed ogre
  7877 | D:9      | Killed a two-headed ogre
  7883 | D:9      | Noticed Prince Ribbit
  7894 | D:9      | Killed Prince Ribbit
  7895 | D:9      | Reached skill level 1 in Ice Magic
  8259 | D:10     | Entered Level 10 of the Dungeon
  8497 | D:10     | Reached XP level 11. HP: 60/60 MP: 24/24
  8502 | D:10     | Reached *** piety under Qazlal
  8512 | D:10     | Reached skill level 10 in Spellcasting
  8845 | D:10     | Noticed Amaemon
  8858 | D:10     | Killed Amaemon
  9232 | D:10     | Found a shimmering blue altar of Sif Muna.
  9423 | D:10     | Noticed a necromancer
  9428 | D:10     | Killed a necromancer
  9806 | D:10     | Reached skill level 1 in Maces & Flails
  9870 | D:11     | Found a white marble altar of Elyvilon.
  9961 | D:11     | Found a staircase to the Lair.
 10119 | D:11     | Reached **** piety under Qazlal
 10120 | D:11     | Reached skill level 11 in Spellcasting
 10579 | D:11     | Noticed a centaur warrior
 10585 | D:11     | Killed a centaur warrior
 10586 | D:11     | Reached XP level 12. HP: 48/68 MP: 27/27
 10589 | D:11     | Reached skill level 5 in Fighting
 10679 | D:11     | Noticed Nergalle
 10693 | D:11     | Killed Nergalle
 12171 | D:12     | Found a staircase to the Orcish Mines.
 12201 | D:12     | Reached skill level 12 in Spellcasting
 12633 | Lair:1   | Entered Level 1 of the Lair of Beasts
 12643 | Lair:1   | Noticed a catoblepas
 12654 | Lair:1   | Killed a catoblepas
 12655 | Lair:1   | Reached skill level 5 in Ice Magic
 12789 | Lair:1   | Noticed a boulder beetle
 12839 | Lair:1   | Killed a boulder beetle
 13271 | Lair:1   | Reached skill level 5 in Conjurations
 13438 | Lair:1   | Reached skill level 5 in Armour
 13445 | Lair:1   | Reached XP level 13. HP: 72/72 MP: 26/29
 13902 | Lair:1   | Reached skill level 5 in Dodging
 15011 | Lair:3   | Reached skill level 13 in Spellcasting
 15013 | Lair:3   | Reached ***** piety under Qazlal
 15366 | Lair:3   | Reached skill level 1 in Alchemy
 15458 | Lair:3   | Reached skill level 15 in Earth Magic
 15463 | Lair:3   | Reached skill level 1 in Air Magic
 15872 | Lair:3   | Noticed Urug
 15883 | Lair:3   | Killed Urug
 16110 | Lair:3   | Found a staircase to the Snake Pit.
 16294 | Lair:3   | Found a staircase to the Shoals.
 16635 | Snake:1  | Entered Level 1 of the Snake Pit
 17108 | Shoals:1 | Entered Level 1 of the Shoals
 17238 | Orc:1    | Entered Level 1 of the Orcish Mines
 17248 | D:12     | Learned a level 4 spell: Olgreb's Toxic Radiance
 17551 | Orc:1    | Learned a level 4 spell: Airstrike
 17552 | Orc:2    | Entered Level 2 of the Orcish Mines
 17677 | Orc:2    | Gained mutation: Your large and strong wings let you fly.
                  | [Gargoyle growth]
 17677 | Orc:2    | Reached XP level 14. HP: 78/78 MP: 30/31
 18706 | Orc:2    | Reached skill level 1 in Invocations
 18857 | Orc:2    | Reached skill level 14 in Spellcasting
 18967 | Orc:2    | Found Zosexien's Weapon Emporium.
 18967 | Orc:2    | Found Hicut's Antique Armour Shop.
 18969 | Orc:2    | Found Inaig's Weapon Boutique.
 18971 | Orc:2    | Found Hauvees's Jewellery Shoppe.
 18986 | Orc:2    | Bought a pair of runed gloves for 202 gold pieces
 18986 | Orc:2    | Bought a pair of embroidered boots for 202 gold pieces
 18989 | Orc:2    | Bought a ring of see invisible for 195 gold pieces
 19291 | Orc:2    | Found a staircase to the Elven Halls.
 19306 | Elf:1    | Entered Level 1 of the Elven Halls
 20290 | Shoals:1 | Found Wovibet's Antique Armour Emporium.
 20638 | Shoals:1 | Got the Atlas of Diablerie and the Curse
 21639 | Snake:1  | Noticed a nagaraja
 21641 | Snake:1  | Noticed Frances
 21645 | Snake:1  | Reached skill level 1 in Evocations
 21659 | Snake:1  | Killed a nagaraja
 21660 | Snake:1  | Reached XP level 15. HP: 36/84 MP: 1/33
 21665 | Snake:1  | Killed Frances
 21911 | Snake:1  | Reached skill level 15 in Spellcasting
 22058 | Snake:1  | Learned a level 3 spell: Inner Flame
 22490 | Snake:1  | Found a runed translucent gate.
 22492 | Snake:1  | Found a runed translucent gate.
 22492 | Snake:1  | Found an opulent altar of Gozag.
 22493 | Snake:1  | Found a runed translucent gate.
 22493 | Snake:1  | Noticed seren's ghost (journeyman DsNe)
 22494 | Snake:1  | Found Uruech's Assorted Antiques.
 23214 | Lair:4   | Reached skill level 1 in Hexes
 23527 | Lair:4   | Reached skill level 5 in Maces & Flails
 23739 | Lair:4   | Learned a level 5 spell: Alistair's Intoxication
 24066 | Lair:4   | Identified the ring of Fifid {Int+6 Dex+3}
 24521 | Lair:5   | Entered Level 5 of the Lair of Beasts
 24523 | Lair:5   | Found a staircase to the Slime Pits.
 24525 | Lair:5   | Reached ****** piety under Qazlal
 24818 | Lair:5   | Found a viscous altar of Jiyva.
 25514 | Lair:5   | Reached skill level 16 in Spellcasting
 25582 | Lair:5   | Reached XP level 16. HP: 33/92 MP: 15/36
 25664 | Lair:5   | Found a large runed translucent door.
 25665 | Lair:5   | Found a large runed translucent door.
 26553 | Shoals:2 | Reached skill level 5 in Air Magic
 27801 | Shoals:3 | Noticed Mlioglotl
 27818 | Shoals:2 | Killed Mlioglotl
 28382 | Shoals:3 | Identified the staff of Actus Reus {rF+ Str-4 Int-3 Stlth+
                  | Fire Ice}
 28425 | Shoals:3 | Reached skill level 17 in Spellcasting
 28697 | Shoals:3 | Reached XP level 17. HP: 69/96 MP: 27/38
 29004 | Shoals:3 | Found Jyt Bukh's CLEARANCE SALE!.
 29237 | Shoals:4 | Entered Level 4 of the Shoals
 29655 | Shoals:4 | Identified the +4 hand axe of the Saviour {spect, Will+}
 29886 | Shoals:4 | Found the +4 Cigotuvi's embrace {Corpsefed rMiasma ^Drain
                  | rN+}
 29980 | Shoals:4 | Noticed a kraken
 30000 | Shoals:4 | Killed a kraken
 30053 | Shoals:4 | Got a barnacled rune of Zot
 30391 | Shoals:4 | Found the sphere of Battle
 30643 | Shoals:4 | Noticed a kraken
 30654 | Shoals:4 | Killed a kraken
 31161 | Snake:1  | Learned a level 6 spell: Sculpt Simulacrum
 31190 | Snake:2  | Reached skill level 18 in Spellcasting
 31319 | Snake:2  | Found an opulent altar of Gozag.
 31658 | Snake:2  | Noticed Jorgrun
 31675 | Snake:2  | Killed Jorgrun
 31981 | Snake:2  | Found a large runed translucent door.
 31981 | Snake:2  | Found a large runed translucent door.
 31982 | Snake:2  | Noticed littlecub's ghost (journeyman DsGl)
 32006 | Snake:2  | Killed littlecub's ghost
 32012 | Snake:2  | Identified the +1 quarterstaff "Loutrit" {flame, +Blink
                  | MP+9 Int-3 Stlth+}
 32013 | Snake:2  | Identified the +7 sling of Objectivity {flame, rC+ Str+6}
 32241 | Snake:3  | Found Hotomne's Magic Scroll Boutique.
 32243 | Snake:3  | Found Elameucu's General Store.
 32244 | Snake:3  | Found Poufiskigg's General Store.
 32245 | Snake:3  | Found Suasaqah's Distillery.
 32252 | Snake:3  | Bought a scroll of enchant armour for 135 gold pieces
 32789 | Snake:3  | Reached XP level 18. HP: 98/103 MP: 35/40
 32845 | Snake:3  | Found Jyacew's Assorted Antiques.
 32853 | Snake:3  | Bought a scroll of enchant armour for 262 gold pieces
 32884 | Snake:3  | Found a radiant altar of Vehumet.
 32893 | Snake:3  | Found a transporter.
 32893 | Snake:3  | Found a transporter.
 33366 | Snake:3  | Noticed Eptagon's ghost (adept GnDe)
 33421 | Snake:3  | Found a bloodstained altar of Trog.
 34030 | Snake:4  | Entered Level 4 of the Snake Pit
 34145 | Snake:4  | Found Lajebimy's Book Shoppe.
 34160 | Snake:4  | Bought a book of Annihilations for 840 gold pieces
 34160 | Snake:4  | Bought a Fen Folio for 588 gold pieces
 34167 | Snake:4  | Learned a level 6 spell: Starburst
 34200 | Snake:4  | Found Keall's General Store.
 35033 | Snake:4  | Reached skill level 1 in Fire Magic
 35209 | Snake:4  | Found Ynnefiw's Armour Emporium.
 35248 | Snake:4  | Found Ziuxkeny's Magic Scroll Shoppe.
 35295 | Snake:4  | Bought a scroll of torment for 180 gold pieces
 35578 | Snake:4  | Noticed a quicksilver dragon
 35585 | Snake:4  | Slain by a quicksilver dragon

Illustrated notes

Levels and vault maps discovered:
D:1:      spicycebolla_arrival_xxxplode, layout_rooms,
          shapermc_ecumenical_altar_ellora, serial_bayou_lagoon_a
D:2:      layout_loops_ring
D:3:      layout_rooms, nzn_wu_jian_council_hall, hangedman_decor_riveting
D:4:      layout_basic, mainiacjoe_overflow_concentric_impassable,
          minmay_statues_item
D:5:      layout_basic, mainiacjoe_overflow_divided_tiny, serial_undead,
          serial_undead_c, serial_undead_e, serial_undead_e, serial_undead_d,
          uniq_grinder
D:6:      layout_cave_pools, okawaru_ov_weapons_minmay,
          nicolae_underground_beach, uniq_maggie, uniq_pikel
D:7:      layout_basic, minmay_temple_entry_stoned_glass,
          grunt_decor_resistance, uniq_joseph
D:8:      minmay_flawed_box, layout_loops_corners, xom_redecorated,
          nzn_hepliaklqana_mist_gate, kennysheep_little_box, serial_shops, shop,
          grunt_ministairs_7
D:9:      layout_cave_pools, nicolae_letterblocks [nicolae_letter_subblock,
          nicolae_letter_subblock, nicolae_letter_subblock,
          nicolae_letter_subblock, nicolae_letter_subblock,
          nicolae_letter_subblock, nicolae_letter_subblock,
          nicolae_letter_subblock, nicolae_letter_subblock,
          nicolae_letter_subblock, nicolae_letter_subblock,
          nicolae_letter_subblock, nicolae_letter_subblock,
          nicolae_letter_subblock, nicolae_letter_subblock,
          nicolae_letter_subblock, nicolae_letter_subblock,
          nicolae_letter_subblock, nicolae_letter_subblock,
          nicolae_letter_subblock, nicolae_letter_subblock,
          nicolae_letter_subblock, nicolae_letter_subblock,
          nicolae_letter_subblock, nicolae_letter_subblock], uniq_prince_ribbit1
D:10:     layout_long_grid, led_sif_book, eino_house_with_fridge, uniq_amaemon
D:11:     layout_layer_cave, due_lair_maze_entry_diamond,
          nicolae_elyvilon_peaceful_grove, uniq_nergalle
D:12:     layout_long_grid, orc_0_dummy, kennysheep_big_empty_room
Temple:   nicolae_temple_ecumenical_triangle
Lair:1:   layout_roguey
Lair:2:   layout_regular_city, serial_bayou_pond_c, guppyfry_lair_drakes,
          grunt_megastairs_5
Lair:3:   layout_regular_city, minmay_shoals_entry_hut,
          alex1729_snake_entry_snake, chequers_serial_rivers_marsh,
          grunt_megastairs_1, uniq_urug
Lair:4:   layout_regular_city
Lair:5:   cheibrodos_lair_end_hotspot, layout_cellular_growth,
          dpeg_slime_entry_enclosed, dpeg_oklob_1, lemuel_fruit_tree,
          serial_bayou_shore_a, infiniplex_staircase_pool
Shoals:1: layout_shoals, serial_shops, shop_statue
Shoals:2: layout_shoals, nzn_prometheus_bound
Shoals:3: cheibrodos_shoals_three_sisters, layout_shoals,
          nicolae_shop_clearance, uniq_mlioglotl
Shoals:4: shoals_end_hangedman, layout_shoals
Snake:1:  layout_layer_cave, ebering_ghost_gozag, uniq_frances
Snake:2:  nrook_guardian_serpent_snake_passage, layout_misc_corridors,
          serial_shops, nicolae_shop_bloodbath_and_beyond,
          ebering_ghost_disaster_area, basic_altar, grunt_megastairs_3,
          uniq_jorgrun
Snake:3:  layout_chambers, serial_shops, nicolae_stop_n_shop_2, basic_altar,
          gammafunk_ghost_wrathful_warriors, minmay_shop_grid_forest,
          nicolae_snake_snake_lake, nicolae_snake_serpentine_hallways,
          grunt_ministairs_5
Snake:4:  hellmonk_snake_rune_quicksilver_temple, layout_cave_town,
          serial_shops, nicolae_shop_back_alley_shop, shop,
          nicolae_lakefront_shop, shop
Orc:1:    layout_diamond_mine
Orc:2:    st_orc_rangers, layout_diamond_mine
Elf:1:    elf_arrival_001, layout_loops_ring, nicolae_elf_shapeshifter_party

Skill      XL: |  1  2  3  4  5  6  7  8  9 10 11 12 13 14 15 16 17 18 |
---------------+-------------------------------------------------------+-----
Earth Magic    | 4 5 6 7 8 9 10 12 13 14 15 16 | 16.6
Spellcasting   | 3 4 5 7 8 9 11 12 13 14 16 17 18 | 18.8
Fighting       | 1 2 3 4 5 6 7 8 |  8.0
Dodging        | 2 3 4 5 6 7 |  7.5
Armour         | 1 3 4 5 6 |  6.9
Conjurations   | 2 3 5 6 7 8 9 |  9.8
Stealth        | 3 4 |  4.5
Translocations | 1 |  1.6
Ice Magic      | 1 3 5 6 7 8 |  8.1
Maces & Flails | 1 2 4 5 6 7 |  7.2
Alchemy        | 1 2 3 4 |  4.5
Air Magic      | 1 3 4 7 8 |  8.7
Invocations    | 1 |  1.6
Evocations     | 1 |  1.4
Hexes          | 1 |  1.2
Fire Magic     | 1 |  1.4
Staves         | |  0.8
Shields        | |  0.3

Action                     |  1- 3 |  4- 6 |  7- 9 | 10-12 | 13-15 | 16-18 || total
---------------------------+-------+-------+-------+-------+-------+-------++-------
  Melee: Unarmed           |    48 |     4 |       |       |       |       ||    52
         Punch             |     1 |     1 |       |     9 |    42 |    12 ||    65
         Quarterstaff      |       |     5 |    51 |    51 |       |       ||   107
         Demon whip        |       |       |       |   102 |   324 |   349 ||   775
  Throw: Boomerang         |       |     1 |       |       |       |       ||     1
   Cast: Sandblast         |    40 |    73 |    97 |   172 |    88 |    12 ||   482
         Blink             |       |     1 |     4 |     4 |     4 |     5 ||    18
         Stone Arrow       |       |       |     9 |    63 |   166 |   231 ||   469
         Brom's Barrelling |       |       |     1 |     3 |    13 |     9 ||    26
         Frozen Ramparts   |       |       |       |    41 |    37 |    47 ||   125
         Hailstorm         |       |       |       |    32 |    60 |    80 ||   172
         Mercury Vapours   |       |       |       |     1 |    15 |    26 ||    42
         Olgreb's Toxic Ra |       |       |       |       |    27 |    29 ||    56
         Airstrike         |       |       |       |       |    71 |   220 ||   291
         Inner Flame       |       |       |       |       |     3 |     2 ||     5
         Alistair's Intoxi |       |       |       |       |       |     1 ||     1
         Starburst         |       |       |       |       |       |     6 ||     6
         Passwall          |       |       |       |       |       |     2 ||     2
         Sculpt Simulacrum |       |       |       |       |       |     1 ||     1
 Invoke: Elemental Force   |       |       |       |     1 |       |       ||     1
         Upheaval          |       |       |       |       |     8 |     5 ||    13
  Evoke: Wand              |       |       |       |     6 |     7 |     1 ||    14
         Box of beasts     |       |       |       |       |       |     1 ||     1
         Phantom mirror    |       |       |       |       |       |     1 ||     1
    Use: Potion            |       |       |     2 |     3 |     6 |     6 ||    17
         Scroll            |       |       |       |    21 |     7 |    10 ||    38
 Armour: Robe              |    17 |    17 |    27 |       |       |       ||    61
         Acid dragon scale |       |       |    46 |   169 |       |       ||   215
         Leather armour    |       |       |    17 |       |       |   433 ||   450
         Troll leather arm |       |       |       |   208 |   517 |   348 ||  1073
  Dodge: Dodged            |    11 |    21 |    71 |   256 |   423 |   550 ||  1332
         Repelled          |       |       |       |     1 |    13 |    44 ||    58
  Block: Other             |       |       |    15 |   161 |   323 |   146 ||   645
         Reflection        |       |       |     1 |    13 |    78 |       ||    92

Table legend: (Time is in decaauts)
 A = Elapsed time spent in this place.
 B = Non-inter-level travel time spent in this place.
 C = Inter-level travel time spent in this place.
 D = Time resting spent in this place.
 E = Time spent auto-exploring this place.
 F = Levels seen in this place.
 G = Mean time per level.
                   A        B        C        D        E       F      G
               +--------+--------+--------+--------+--------+-----+--------+
         Total |  35805 |  34100 |   1705 |   6237 |  17660 |  29 | 1234.7 |
       Dungeon |  13336 |  12527 |    809 |   1157 |   8377 |  12 | 1111.3 |
        Temple |      1 |      1 |      0 |      0 |      0 |   1 |    1.0 |
          Lair |   7746 |   7197 |    549 |   1622 |   3601 |   5 | 1549.2 |
        Shoals |   5821 |   5694 |    127 |   1049 |   2525 |   4 | 1455.2 |
     Snake Pit |   6684 |   6498 |    186 |   1892 |   2187 |   4 | 1671.0 |
  Orcish Mines |   2213 |   2181 |     32 |    517 |    970 |   2 | 1106.5 |
   Elven Halls |      1 |      1 |      0 |      0 |      0 |   1 |    1.0 |
               +--------+--------+--------+--------+--------+-----+--------+

Top non-repeatable levels by time:
 Snake:1: 2352 daAuts
 Snake:3: 1895 daAuts
  Lair:3: 1843 daAuts
    D:11: 1792 daAuts
   Orc:2: 1685 daAuts
  Lair:5: 1643 daAuts
    D:10: 1627 daAuts
     D:8: 1606 daAuts
Shoals:2: 1591 daAuts
  Lair:4: 1557 daAuts
Shoals:4: 1499 daAuts
 Snake:4: 1476 daAuts
  Lair:1: 1427 daAuts
Shoals:1: 1414 daAuts
    D:12: 1335 daAuts
